 Dungeon Crawl Stone Soup version 0.17-a0-124-gc3c9679 (console) character file.

127 Kellhus the Slasher (level 4, 0/35 HPs)
             Began as a Mummy Chaos Knight on Mar 22, 2015.
             Killed from afar by an orc wizard (7 damage)
             ... with a magic dart
             ... on level 3 of the Dungeon.
             The game lasted 00:04:52 (2448 turns).

Kellhus the Slasher (Mummy Chaos Knight)            Turns: 2448, Time: 00:04:53

Health: 0/35       AC:  5    Str: 16    XL:     4   Next: 85%
Magic:  4/4        EV: 11    Int: 11    God:    Xom [.*....]
Gold:   118        SH:  0    Dex: 11    Spells: 0 memorised, 3 levels left

rFire  x . .     SeeInvis .     a - +1 dagger (elec)
rCold  + . .     Clarity  .     o - +2 leather armour
rNeg   + + +     SustAb   .     (no shield)
rPois  ∞         Gourm    .     (no helmet)
rElec  .         Spirit   .     (no cloak)
rCorr  .         Warding  .     (no gloves)
rMut   .         Stasis   .     (no boots)
MR     .....                    (no amulet)
Stlth  +.........               (no ring)
                                (no ring)

@: not resistant to hostile enchantments, very unstealthy
A: no food or potions, fire vulnerability, restore body, cold resistance 1,
negative energy resistance 3, poison resistance, torment resistance, unbreathing
a: Renounce Religion


You were on level 3 of the Dungeon.
You worshipped Xom.
You were a plaything of Xom.
You were not hungry.

You visited 1 branch of the dungeon, and saw 3 of its levels.

You collected 118 gold pieces.

Inventory:

Hand weapons
 a - a +1 dagger of electrocution (weapon)
 b - a +0 blowgun
 h - a +2 antimagic short sword
 m - a +0 falchion of chaos
Missiles
 c - 25 poisoned needles
Armour
 n - a +1 ring mail of cold resistance
 o - a +2 leather armour (worn)
 q - a +0 pair of gloves
Magical devices
 l - a wand of invisibility (3)
Scrolls
 e - 2 scrolls of identify {unknown}
 f - a scroll of fear {unknown}
 g - a scroll of fog {unknown}
 i - a scroll of immolation {unknown}
 j - 2 scrolls of remove curse {unknown}
 k - a scroll of enchant armour {unknown}
 p - a scroll of teleportation {unknown}
Books
 d - a Young Poisoner's Handbook

   Spells                             Type                      Level
   a - Sting                          Conjuration/Poison           1
   b - Cure Poison                    Poison                       2
   c - Mephitic Cloud                 Conjuration/Poison/Air       3
   d - Olgreb's Toxic Radiance        Poison                       4
   e - Venom Bolt                     Conjuration/Poison           5


   Skills:
 - Level 3.0 Fighting
 + Level 4.6 Long Blades
 - Level 1.5 Armour
 - Level 0.7 Dodging


You had 3 spell levels left.
You didn't know any spells.

Dungeon Overview and Level Annotations

Branches:
Dungeon (3/15)

Altars:
Ashenzari
Elyvilon


Innate Abilities, Weirdness & Mutations

You do not eat or drink.
Your flesh is vulnerable to fire.
Your flesh is cold resistant.
You are immune to negative energy.
Your system is resistant to poisons.
You are immune to unholy pain and torment.
You can survive without breathing.


Message History

You hit the orc wizard but do no damage.
The orc wizard is almost dead.
The orc wizard hits you but does no damage.
You closely miss the orc wizard.
The orc wizard is almost dead.
The orc barely misses you. The orc wizard barely misses you.
You hit the orc wizard but do no damage.
The orc wizard is almost dead.
The orc wizard hits you but does no damage.
The orc barely misses you.
The orc wizard gestures wildly while chanting.
The orc wizard flickers and vanishes!
Deactivating autopickup; reactivate with Ctrl-A.
You barely miss something. The orc barely misses you.
Something hits you but does no damage.
You miss something.
You hear some strange, mumbled words.
The magic dart hits you!
You die... "Boring in life, boring in death..."

...###.#...).....
.................
.###............. ##
##[####............
..###..##..............
....#................ #####
#..........†........ ......#
#.o#................ .....
#.#@............... #...
#o#{.........>.....
#..##...#####o#......%.........
.#..o..o.o.o..........#......
#.............##.###...###...
#.....#......##.#≈≈...≈≈#..
.#....#......#..#≈..♣(.≈#.
?.#.. #....................
..#. #...........♣._.♣....


You could see an orc.

Vanquished Creatures
  Ijyb (D:2)
  A hound zombie (D:2)
  2 adders (D:2)
  2 gnolls (D:1)
  An adder skeleton (D:2)
  A giant gecko (D:1)
  7 orcs
  4 bats
  A giant cockroach (D:2)
  A goblin (D:1)
  7 hobgoblins
  11 kobolds
  A giant gecko skeleton (D:2)
  A giant gecko zombie (D:2)
  3 giant newts
  3 jackals (D:1)
  A jackal zombie (D:2)
  10 rats
58 creatures vanquished.

Vanquished Creatures (collateral kills)
  A goblin (D:1)
  A hobgoblin (D:1)
2 creatures vanquished.

Vanquished Creatures (others)
  A hobgoblin zombie (D:2)
1 creature vanquished.

Grand Total: 61 creatures vanquished

Notes
Turn   | Place    | Note
--------------------------------------------------------------
     0 | D:1      | Kellhus, the Mummy Chaos Knight, began the quest for the Orb.
     0 | D:1      | Reached XP level 1. HP: 18/18 MP: 1/1
   165 | D:1      | XOM: mild Hex miscast
   220 | D:1      | Reached XP level 2. HP: 12/24 MP: 2/2
   350 | D:1      | XOM: divination: magic mapping
   355 | D:1      | XOM: colour smoke trail
   539 | D:1      | XOM is BORED!
   539 | D:1      | XOM: medium Pois miscast
   600 | D:1      | XOM: medium Erth miscast
   622 | D:1      | XOM: harmless Necr miscast
   627 | D:1      | Reached XP level 3. HP: 12/29 MP: 3/3
   785 | D:1      | XOM: god gift: papyrus book {god gift}
  1329 | D:2      | Found a shattered altar of Ashenzari.
  1350 | D:2      | Noticed Ijyb
  1357 | D:2      | XOM: noise
  1542 | D:2      | Reached skill level 4 in Long Blades
  1668 | D:2      | Reached XP level 4. HP: 19/35 MP: 4/4
  1891 | D:2      | Killed Ijyb
  2152 | D:3      | XOM: enchant monster (bad)
  2202 | D:2      | XOM: mild Tloc miscast
  2403 | D:3      | Found a white marble altar of Elyvilon.
  2448 | D:3      | Killed from afar by an orc wizard

Action                   |  1- 3 |  4- 6 || total
-------------------------+-------+-------++-------
Melee: Falchion          |   126 |    61 ||   187
       Dagger            |       |    44 ||    44
